AoeStats
← MKNG | Sr. MnKo

Yucatan

513077797Analyzed
3v3 RM · 8d ago on Oct 12, 2026· 69m 54s· 6 players
Game mode
Random Map
Map size
Normal (6 player)
Population
200
Speed
Normal
Resources
Standard
Victory
Conquest
Starting age
Dark Age
Ending age
Imperial Age
RankedLock teamsTeams togetherTeam positionsShared explorationLock speedFull tech treeHidden civsTurbo modeCheats
Victory
Defeat
🇲🇽 Magyars · Mexico
1006
+16
🇨🇴 Koreans · Colombia
976
+17
🇲🇽 Franks · Mexico
953
+18
vs
🇹🇼 Franks · Taiwan
1041
-18
🇵🇪 Hindustanis · Peru
999
-17
🇬🇧 Malay · United Kingdom
964
-16
Hankuro
0:31 Loom
12:30 Feudal Age
13:21 Town Watch
13:29 Double-Bit Axe
14:00 Horse Collar
15:42 Stone Mining
15:44 Gold Mining
19:20 Castle Age
20:42 Wheelbarrow
20:48 Heavy Plow
21:01 Bow Saw
22:50 Gold Shaft Mining
23:46 Scale Mail Armor
23:57 Forging
29:52 Fletching
30:17 Chain Mail Armor
32:57 Hand Cart
33:21 Stone Shaft Mining
34:19 Iron Casting
Johnny Nutmeg
8:21 Loom
10:48 Feudal Age
11:17 Double-Bit Axe
17:48 Castle Age
15:48 Stone Mining
16:01 Gold Mining
16:53 Fletching
17:04 Padded Archer Armor
17:26 Town Watch
17:41 Crossbowman
24:44 Bow Saw
26:09 Horse Collar
32:00 Wheelbarrow
32:20 Bodkin Arrow
33:23 Thumb Ring
33:40 Thumb Ring
35:05 Leather Archer Armor
35:14 Ballistics
36:17 Hand Cart
39:27 Imperial Age
38:54 Bracer
38:16 Arbalester
39:48 Ring Archer Armor
40:16 Conscription
42:01 Chemistry
42:45 Gold Shaft Mining
43:23 Forging
43:18 Scale Barding Armor
44:51 Iron Casting
44:19 Husbandry
45:51 Elite Karambit Warrior
47:36 Blast Furnace
47:06 Pikeman
47:47 Squires
48:58 Siege Engineers
49:04 Masonry
48:49 Murder Holes
48:59 Light Cavalry
49:29 Halberdier
61:40 Elite Skirmisher
65:23 Arson
William
2:29 Loom
11:43 Feudal Age
15:59 Castle Age
14:18 Double-Bit Axe
17:27 Bow Saw
28:16 Gold Mining
29:39 Gold Shaft Mining
31:09 Wheelbarrow
35:37 Imperial Age
33:57 Scale Barding Armor
34:03 Forging
33:56 Husbandry
35:59 Stone Mining
35:59 Cavalier
36:48 Town Watch
37:59 Chain Barding Armor
39:08 Iron Casting
40:09 Hand Cart
39:52 Paladin
44:03 Conscription
44:53 Blast Furnace
44:34 Plate Barding Armor
43:24 Light Cavalry
46:34 Chivalry
46:48 Caravan
47:13 Elite Throwing Axeman
48:35 Fletching
48:46 Padded Archer Armor
49:35 Pikeman
50:16 Squires
50:02 Arson
50:11 Halberdier
59:41 Bodkin Arrow
60:02 Leather Archer Armor
60:52 Chemistry
60:17 Ballistics
60:57 Chemistry
59:53 Murder Holes
60:03 Siege Engineers
65:49 Scale Mail Armor
66:01 Fortified Wall
66:03 Masonry
MKNG I MAU
5:52 Loom
12:10 Feudal Age
20:48 Castle Age
27:18 Husbandry
27:10 Double-Bit Axe
29:54 Wheelbarrow
29:06 Town Watch
30:54 Corvinian Army
33:06 Bloodlines
32:53 Horse Collar
34:04 Hand Cart
36:54 Scale Barding Armor
40:51 Imperial Age
38:49 Heavy Plow
40:12 Town Patrol
41:16 Chain Barding Armor
40:55 Cavalier
43:21 Bow Saw
43:44 Parthian Tactics
44:58 Elite Magyar Huszar
45:48 Paladin
49:11 Plate Barding Armor
56:05 Onager
61:29 Elite Magyar Huszar
MKNG | Sr. MnKo
5:12 Loom
12:21 Feudal Age
14:03 Double-Bit Axe
16:32 Wheelbarrow
21:13 Castle Age
19:21 Scale Barding Armor
20:51 Forging
21:08 Gold Mining
23:03 Husbandry
23:29 Chain Barding Armor
28:06 Hand Cart
32:07 Imperial Age
33:23 Bow Saw
34:03 Cavalier
37:23 Iron Casting
38:31 Paladin
48:35 Plate Barding Armor
49:01 Blast Furnace
48:26 Chivalry
49:46 Chemistry
48:45 Murder Holes
49:51 Chemistry
49:12 Ballistics
48:58 Siege Engineers
51:51 Conscription
53:25 Gold Shaft Mining
52:47 Fletching
53:45 Siege Engineers
61:04 Stone Mining
61:07 Town Watch
65:07 Medium Warships
68:45 Town Patrol
MKNG | MSP
4:45 Loom
6:53 Loom
9:13 Feudal Age
13:42 Fletching
20:38 Castle Age
19:25 Double-Bit Axe
21:17 Crossbowman
22:20 Bodkin Arrow
24:31 Wheelbarrow
25:22 Bow Saw
31:27 Thumb Ring
32:02 Hand Cart
32:29 Hand Cart
38:41 Scale Mail Armor
38:52 Forging
38:04 Pikeman
42:25 Chain Mail Armor
42:45 Iron Casting
50:07 Hand Cart
49:41 Horse Collar
49:54 Gold Mining
49:55 Stone Mining
52:43 Imperial Age
53:01 Heavy Plow
53:39 Gold Shaft Mining
53:39 Stone Shaft Mining
53:42 Elite Skirmisher
54:13 Arbalester
56:39 Chemistry
55:59 Ballistics
56:55 Bracer
61:21 Siege Engineers
69:06 Conscription
Connection lost

Rejoining the realm…

Still unreachable

The connection could not be restored.

Session expired

The server has moved on; the page needs a fresh start.